 Dungeon Crawl Stone Soup version 0.27-a0-1105-g946c659c87 (webtiles) character file.

Game seed: 8191247980391496193

1597 DogServant the Stinger (level 8, 60/60 HPs)
             Began as a Demonspawn Venom Mage on Apr 30, 2021.
             Was a Believer of Fedhas.
             Quit the game on level 8 of the Dungeon.
             The game lasted 00:22:05 (9111 turns).

DogServant the Stinger (Demonspawn Venom Mage)      Turns: 9111, Time: 00:22:06

Health: 60/60      AC:  7    Str: 10    XL:     8   Next: 62%
Magic:  14/14      EV: 15    Int: 21    God:    Fedhas [**....]
Gold:   438        SH:  0    Dex: 14    Spells: 6/15 levels left

rFire    . . .     SeeInvis .   l - +0 mace (protect)
rCold    + . .     Faith    .   (no shield)
rNeg     . . .     Spirit   .   u - +0 leather armour
rPois    .         Reflect  .   (no helmet)
rElec    .         Harm     .   (no cloak)
rCorr    .         Rampage  .   v - +0 pair of gloves
Will     .....                  (no boots)
Stlth    ++........             C - amulet of magic regeneration
HPRegen  0.20/turn              F - +4 ring of evasion
MPRegen  0.39/turn              c - ring of the Philosopher {rC+ Int+4}

@: no status effects
A: claws 2, slimy green scales 2
a: Renounce Religion, Wall of Briars


You were on level 8 of the Dungeon.
You worshipped Fedhas.
Fedhas was pleased with you.
You visited 2 branches of the dungeon, and saw 9 of its levels.
You also visited: Sewer.

You collected 438 gold pieces.

Inventory:

Hand Weapons
 i - a +0 long sword
 l - a +0 mace of protection (weapon)
 x - a +2 dagger of draining
Missiles
 k - 3 atropa-tipped darts
Armour
 a - a +0 robe
 u - a +0 leather armour (worn)
 v - a +0 pair of gloves (worn)
Jewellery
 c - the ring of the Philosopher (right hand) {rC+ Int+4}
   (You acquired it in a sewer)

   [ring of protection from cold]

   It affects your intelligence (+4).
   It protects you from cold.
 r - an amulet of reflection
 C - an amulet of magic regeneration (around neck)
 F - a +4 ring of evasion (left hand)
Wands
 E - a wand of iceblast (12)
 H - a wand of polymorph (5)
Scrolls
 d - a scroll of blinking
 j - a scroll of teleportation
 m - a scroll of fear
 n - a scroll of immolation
 o - a scroll of vulnerability
 p - a scroll of fog {unknown}
 q - 4 scrolls of enchant weapon
 s - a scroll of noise
 y - a scroll of summoning
 B - a scroll of holy word
Potions
 b - 2 potions of lignification {unknown}
 e - a potion of haste {unknown}
 f - 5 potions of heal wounds {unknown}
 g - 2 potions of attraction {unknown}
 h - 2 potions of mutation {unknown}
 t - a potion of flight {unknown}
 w - 2 potions of might {unknown}
 z - 2 potions of brilliance {unknown}
 A - 2 potions of degeneration {unknown}
 D - a potion of curing {unknown}
 G - a potion of magic {unknown}


   Skills:
 - Level 4.0 Fighting
 + Level 4.5 Maces & Flails
 - Level 3.0 Armour
 - Level 2.0 Dodging
 - Level 2.0 Stealth
 - Level 4.0 Spellcasting
 - Level 2.6 Conjurations
 - Level 1.0 Transmutations
 - Level 2.3 Fire Magic
 - Level 2.0 Air Magic
 + Level 5.3 Poison Magic


You had 6 spell levels left.
You knew the following spells:

 Your Spells              Type           Power      Damage    Failure   Level
a - Sting                 Tmut/Pois      68%        1d6       4%          1
b - Poisonous Vapours     Pois/Air       38%        N/A       5%          2
c - Ignite Poison         Fire/Tmut/Pois 16%        N/A       14%         3
d - Mephitic Cloud        Conj/Pois/Air  18%        N/A       12%         3

Your spell library contained the following spells:

 Spells                   Type           Power      Damage    Failure   Level
 Olgreb's Toxic Radiance  Pois           26%        N/A       19%         4
 Iskenderun's Battlesphe  Conj           15%        2d7       83%         5
 Bolt of Magma            Conj/Fire/Erth 5%         4d5       92%         5
 Iron Shot                Conj/Erth      4%         9d2       100%        6
 Orb of Destruction       Conj           7%         9d3       100%        7
 Spellforged Servitor     Conj/Summ      4%         N/A       100%        7


Dungeon Overview and Level Annotations

Branches:
Dungeon (8/15)             Temple (1/1) D:5           Sewer (visited)
   Lair: D:8-11

Altars:
Ashenzari
Cheibriados
Dithmenos
Elyvilon
Fedhas
Hepliaklqana
Nemelex Xobeh
Okawaru
Ru
Sif Muna
Trog
Uskayaw
Wu Jian
Xom
Yredelemnul
Zin

Shops:
D:1 [   D:3 =


Innate Abilities, Weirdness & Mutations

You have very sharp fingernails.
You are mostly covered in slimy green scales. (AC +3)


Message History

You hit the orc wizard.
You kill the orc wizard!
Fedhas appreciates your contribution to the ecosystem.
No target in view! 2 orcs come into view.
There is a stone staircase leading down here.
Found a robe.
You see here the +3 ring mail of Classification {+Inv Will- rCorr Dex-2}.
There is a stone staircase leading down here.
There are monsters nearby!
There are monsters nearby!
Found 13 gold pieces.
The helpless orc fails to defend itself.
You sock the orc!
Your weapon exudes an aura of protection.
You kill the orc!
Fedhas appreciates your contribution to the ecosystem.
The orc shouts!
You barely miss the orc. The orc misses you. The orc barely misses you.
You hit the orc.
The orc is lightly wounded.
The orc misses you.
You barely miss the orc.
The orc is lightly wounded.
The orc hits you but does no damage.
You thump the orc!
You kill the orc!
Fedhas appreciates your contribution to the ecosystem.
No target in view!
Items here: )) [ †.
Things that are here:
a +0 dagger; a +0 robe You now have 427 gold pieces (gained 13).
H - a wand of polymorph (5)
Found 24 stones.
You now have 438 gold pieces (gained 11).
Found 9 stones.
A hornet comes into view.
A hornet is nearby!
Are you sure you want to abandon this character and quit the game? (Confirm with "yes".)

. .......... ...
..(#.(. ....####...#
#....#...# .. #.....#
...####...#
#.........###
###.........# .
....###@....####
#.#.. ... #
###......#####.... ..
....#...............
# #...........##..#.
................##.#.
######.....##..).....
#####..##..##...
#..###..)... #...
#.#.#<†


There were no monsters in sight!

Vanquished Creatures
  A wyvern (D:5)
  2 water moccasins
  A hornet zombie (D:7)
  2 ogres
  A necrophage (D:4)
  A kobold brigand (D:7)
  A bullfrog (D:7)
  A gnoll sergeant (D:7)
  A wyvern skeleton (D:7)
  2 water moccasin skeletons
  A howler monkey (D:5)
  A hound (D:5)
  A bullfrog skeleton (D:5)
  A centaur skeleton (D:4)
  A jelly (D:7)
  2 iguanas
  4 orc wizards
  A howler monkey zombie (D:5)
  3 gnolls (D:7)
  5 adders
  A howler monkey skeleton (D:5)
  A white imp (D:5)
  3 worms (D:2)
  2 dart slugs
  13 orcs
  7 endoplasms
  A giant cockroach (D:6)
  4 hobgoblins
  4 jackals
  15 kobolds
  3 quokkas
  9 ball pythons
  A bat (D:3)
  2 frilled lizards
  7 goblins
  5 rats
111 creatures vanquished.

Vanquished Creatures (others)
  An orc wizard (D:7)
1 creature vanquished.

Grand Total: 112 creatures vanquished

Notes
Turn   | Place    | Note
-------+----------+-------------------------------------------
     0 | D:1      | DogServant the Demonspawn Venom Mage began the quest for
                  | the Orb.
     0 | D:1      | Reached XP level 1. HP: 13/13 MP: 3/3
    68 | D:1      | Reached skill level 1 in Transmutations
   173 | D:1      | Found Erehiad's Antique Armour Shop.
   327 | D:1      | Gained mutation: You have sharp fingernails. [demonic
                  | ancestry]
   327 | D:1      | Reached XP level 2. HP: 19/19 MP: 1/5
   568 | D:1      | Learned a level 2 spell: Poisonous Vapours
  1839 | D:1      | Found Erehiad's Antique Armour Shop.
  2629 | D:2      | Reached XP level 3. HP: 24/24 MP: 0/7
  3688 | D:3      | Found a shimmering altar of Xom.
  3688 | D:3      | Found a shadowy altar of Dithmenos.
  3922 | D:3      | Reached skill level 4 in Poison Magic
  3946 | D:3      | Learned a level 3 spell: Ignite Poison
  4049 | D:3      | Found Iseuj's Jewellery Shoppe.
  4214 | D:3      | Reached skill level 1 in Fighting
  4214 | D:3      | Gained mutation: You have very sharp fingernails. [demonic
                  | ancestry]
  4214 | D:3      | Reached XP level 4. HP: 32/32 MP: 3/8
  4781 | D:4      | Noticed a lemure
  5358 | D:4      | Found an ornate altar of the Wu Jian Council.
  5417 | D:4      | Found a sparkling altar of Nemelex Xobeh.
  5433 | D:4      | Noticed an ogre
  5442 | D:4      | Killed an ogre
  5443 | D:4      | Reached XP level 5. HP: 41/41 MP: 0/9
  5681 | D:4      | Noticed a lemure
  5713 | D:5      | Entered Level 5 of the Dungeon
  5755 | D:5      | Noticed a wyvern
  5761 | D:5      | Learned a level 3 spell: Mephitic Cloud
  5773 | D:5      | Killed a wyvern
  5774 | D:5      | Reached skill level 1 in Conjurations
  5774 | D:5      | Reached skill level 1 in Fire Magic
  5774 | D:5      | Reached skill level 1 in Air Magic
  5774 | D:5      | Gained mutation: You are partially covered in slimy green
                  | scales. (AC +2) [demonic ancestry]
  5774 | D:5      | Reached XP level 6. HP: 48/48 MP: 3/10
  5865 | D:5      | Found a staircase to the Ecumenical Temple.
  5888 | Temple   | Entered the Ecumenical Temple
  6064 | Temple   | Became a worshipper of Fedhas Madash
  6327 | D:4      | Gained mutation: You are mostly covered in slimy green
                  | scales. (AC +3) [demonic ancestry]
  6327 | D:4      | Reached XP level 7. HP: 32/54 MP: 11/11
  6598 | D:5      | Found a shimmering blue altar of Sif Muna.
  7224 | D:6      | Reached skill level 5 in Poison Magic
  7240 | D:6      | Found a snail-covered altar of Cheibriados.
  7260 | D:6      | Found a glowing drain.
  7272 | Sewer    | Entered a sewer
  7382 | Sewer    | Reached * piety under Fedhas
  7448 | Sewer    | Identified a scroll of acquirement
  7458 | Sewer    | Acquired the ring of the Philosopher {rC+ Int+4}
  8108 | D:7      | Reached XP level 8. HP: 53/60 MP: 9/13
  8493 | D:7      | Reached skill level 1 in Armour
  9053 | D:8      | Reached ** piety under Fedhas
  9066 | D:8      | Identified the +3 ring mail of Classification {+Inv Will-
                  | rCorr Dex-2}
  9105 | D:8      | Noticed a hornet
  9111 | D:8      | Quit the game

Illustrated notes

Levels and vault maps discovered:
D:1:      amcnicky_arrival_underground_garden, layout_loops_ring, serial_shops,
          nicolae_shop_crystal, kennysheep_pointless_box,
          chequers_serial_rivers_large_a
D:2:      layout_basic
D:3:      layout_basic, gammafunk_temple_overflow_elements, serial_shops,
          nicolae_shop_window_shopping, hangedman_decor_riveting
D:4:      minmay_razor_zed, layout_rooms, general_overflow_altar,
          nicolae_wu_jian_immortal_techniques, gammafunk_ghost_necromancy,
          hangedman_feature_mirror, uniq_pikel
D:5:      layout_loops_cross, nicolae_sif_muna_condensation,
          minmay_temple_entry_glass
D:6:      layout_basic, old_standard_altar, tso_metal_star, portal_sewer_entry_a
D:7:      layout_loops_ring
D:8:      layout_rooms, grunt_temple_overflow_lords_of_destruction,
          lemuel_zombie_altar_kikubaaqudgha, fungi_pond_lemuel,
          nicolae_zen_rock_garden, solitary_fountain, chequers_jeans
Temple:   compressed_dpeg_circular_temple

Skill      XL: |  1  2  3  4  5  6  7  8 |
---------------+-------------------------+-----
Transmutations | 1 |  1.0
Spellcasting   | 3 4 |  4.0
Poison Magic   | 4 5 |  5.3
Fighting       | 1 3 4 |  4.0
Conjurations   | 1 2 |  2.6
Fire Magic     | 1 2 |  2.3
Air Magic      | 1 2 |  2.0
Dodging        | 2 |  2.0
Stealth        | 2 |  2.0
Maces & Flails | 3 4 |  4.5
Armour         | 3 |  3.0

Action                   |  1- 3 |  4- 6 |  7- 9 || total
-------------------------+-------+-------+-------++-------
Melee: Dagger            |    17 |       |    21 ||    38
       Long sword        |    37 |       |       ||    37
       Mace              |    28 |    96 |   134 ||   258
 Cast: Sting             |    40 |       |    15 ||    55
       Poisonous Vapours |     9 |    25 |    28 ||    62
       Mephitic Cloud    |       |       |     9 ||     9
       Ignite Poison     |       |       |    11 ||    11
  Use: Scroll            |       |       |    14 ||    14
 Stab: Sleeping          |     6 |       |     1 ||     7
Armor: Robe              |    13 |    46 |    54 ||   113
       Leather armour    |       |       |    10 ||    10
Dodge: Dodged            |    53 |    83 |   130 ||   266
Block: Other             |     3 |    17 |       ||    20
       Reflection        |       |     1 |       ||     1
       Rpst.: Long sword |     4 |       |       ||     4

Table legend: (Time is in decaauts)
 A = Elapsed time spent in this place.
 B = Non-inter-level travel time spent in this place.
 C = Inter-level travel time spent in this place.
 D = Time resting spent in this place.
 E = Time spent auto-exploring this place.
 F = Levels seen in this place.
 G = Mean time per level.
                   A        B        C        D        E       F      G
               +--------+--------+--------+--------+--------+-----+--------+
         Total |   9248 |   8945 |    303 |   1286 |   6296 |  10 |  924.8 |
       Dungeon |   8832 |   8558 |    274 |   1252 |   6114 |   8 | 1104.0 |
        Temple |    191 |    162 |     29 |      0 |     83 |   1 |  191.0 |
         Sewer |    224 |    224 |      0 |     34 |     99 |   1 |  224.0 |
               +--------+--------+--------+--------+--------+-----+--------+

Top non-repeatable levels by time:
     D:1: 2526 daAuts
     D:7: 1568 daAuts
     D:4: 1189 daAuts
     D:2: 1171 daAuts
     D:3: 1163 daAuts
     D:5: 1070 daAuts
   Sewer: 224 daAuts
  Temple: 191 daAuts
     D:6: 80 daAuts
     D:8: 63 daAuts
